 Dungeon Crawl Stone Soup version 0.21-a0-584-g185da8e (webtiles) character file.

5 Amnesiac the Chiller (level 1, -1/10 HPs)
             Began as a Deep Elf Ice Elementalist on Dec 21, 2017.
             Slain by an ooze (2 damage)
             ... on level 1 of the Dungeon.
             The game lasted 00:00:16 (60 turns).

Amnesiac the Chiller (Deep Elf Ice Elementalist)      Turns: 60, Time: 00:00:17

Health: -1/10      AC:  2    Str:  5    XL:     1   Next: 66%
Magic:  0/6        EV: 13    Int: 19    God:
Gold:   0          SH:  0    Dex: 15    Spells: 5/6 levels left

rFire    . . .     SeeInvis .   (no weapon)
rCold    . . .     Gourm    .   (no shield)
rNeg     . . .     Faith    .   a - +0 robe
rPois    .         Spirit   .   (no helmet)
rElec    .         Reflect  .   (no cloak)
rCorr    .         Harm     .   (no gloves)
MR       .....                  (no boots)
Stlth    ++........             (no amulet)
HPRegen  0.03/turn              (no ring)
MPRegen  0.10/turn              (no ring)

@: no status effects
A: no striking features
a: no special abilities


You were on level 1 of the Dungeon.
You were not hungry.

You visited 1 branch of the dungeon, and saw 1 of its levels.

Inventory:

Armour
 a - a +0 robe (worn)
Books
 b - a book of Frost

   Spells                             Type                      Level
   a - Freeze                         Ice                          1
   b - Throw Frost                    Conjuration/Ice              2
   c - Ozocubu's Armour               Charms/Ice                   3
   d - Throw Icicle                   Conjuration/Ice              4
   e - Summon Ice Beast               Ice/Summoning                4
Comestibles
 c - a ration


   Skills:
 - Level 2.4 Dodging
 - Level 2.4 Stealth
 + Level 3.2 Spellcasting
   Level 1.1 Conjurations
 * Level 3.6 Ice Magic


You had 5 spell levels left.
You knew the following spells:

 Your Spells              Type           Power        Failure   Level  Hunger
a - Freeze                Ice            ###.         3%          1    None


Dungeon Overview and Level Annotations

Branches:
Dungeon (1/15)

Altars:


Message History

Confirm with . or Enter, or press ? or * to list all spells.
Aiming: Freeze
Press: ? - help, Shift-Dir - straight line, f - hobgoblin
Aim: a hobgoblin, wielding a club You freeze the hobgoblin.
You kill the hobgoblin!
The ooze quivers.
Casting: Freeze
Confirm with . or Enter, or press ? or * to list all spells.
You can't see any susceptible monsters within range! (Use Z to cast anyway.)
Casting: Freeze
Confirm with . or Enter, or press ? or * to list all spells.
You can't see any susceptible monsters within range! (Use Z to cast anyway.)
A giant cockroach comes into view.
Found a scroll labeled MAEFEF NOIHOAWEPP.
You see here a club.
Casting: Freeze
Confirm with . or Enter, or press ? or * to list all spells.
Aiming: Freeze
Press: ? - help, Shift-Dir - straight line, f - ooze
Aim: an ooze You freeze the ooze.
The ooze is heavily wounded.
The ooze misses you. The giant cockroach barely misses you.
Casting: Freeze
Confirm with . or Enter, or press ? or * to list all spells.
Aiming: Freeze
Press: ? - help, Shift-Dir - straight line, f/p - ooze
Aim: an ooze (heavily wounded)
You freeze the ooze.
The ooze is severely wounded.
The ooze hits you.
* * * LOW HITPOINT WARNING * * *
The giant cockroach bites you.
* * * LOW HITPOINT WARNING * * *
The giant cockroach barely misses you.
You see here a club.
Things that are here:
a dagger; 2 chunks of flesh; a frilled lizard corpse The giant cockroach bites you but does no damage.
There is an open door here.
The giant cockroach closely misses you.
Casting: Freeze
Confirm with . or Enter, or press ? or * to list all spells.
Aiming: Freeze
Press: ? - help, Shift-Dir - straight line, f - giant cockroach, p - ooze
Aim: a giant cockroach (clinging)
You freeze the giant cockroach.
You kill the giant cockroach!
There is an escape hatch in the floor here.
You open the door.
There is an open door here.
The ooze completely misses you.
Found a scroll labeled RIOGEL GUBAOR.
A giant cockroach comes into view.
Casting: Freeze
Confirm with . or Enter, or press ? or * to list all spells.
Aiming: Freeze
Press: ? - help, Shift-Dir - straight line, f - ooze
Aim: an ooze (severely wounded)
You freeze the ooze.
The ooze is almost dead.
The ooze hits you.
You die...

#^#.#^# ###.### #^#.#^#
#?. . ###.######.. ..
#Z#...#Z##.# #.#
#####.####.#### ##...
### #^#.#Z##.....
s.....##.#####.####.....
.......@J..##.[.##.#.)).
######......'.>.†....##.
.........##...#######.
##.###....##### .. #..
.......#Z# ..
#........?..### #.. #..
........... ... #..
........... ... .......


You could see an ooze and a giant cockroach (sleeping).

Vanquished Creatures
  A giant cockroach (D:1)
  A goblin (D:1)
  A hobgoblin (D:1)
  A bat (D:1)
  A frilled lizard (D:1)
5 creatures vanquished.

Notes
Turn   | Place    | Note
-------+----------+-------------------------------------------
     0 | D:1      | Amnesiac the Deep Elf Ice Elementalist began the quest for the Orb.
     0 | D:1      | Reached XP level 1. HP: 10/10 MP: 6/6
    10 | D:1      | Noticed a merfolk zombie
    20 | D:1      | Noticed a merfolk zombie
    60 | D:1      | Slain by an ooze

Vault maps used:
D:1:      shiori_arrival_whats_in_store_for_you

Action                   || total
-------------------------++-------
 Cast: Freeze            ||     9
Armor: Robe              ||     2
Dodge: Dodged            ||     6

Table legend:
 A = Spawn XP
 B = Non-spawn XP
 C = Spawn XP percentage of total XP
 D = Spawn monster count
 E = Non-spawn monster count
 F = Spawn count percentage of total count
 G = Total turns spent on level
                    A         B        C        D         E        F      G
               +---------+---------+-------+---------+---------+-------+---------
         Total |       0 |       8 |   0.0 |       0 |       5 |   0.0 |    60
               +---------+---------+-------+---------+---------+-------+---------
           D:1 |       0 |       8 |   0.0 |       0 |       5 |   0.0 |    60
               +---------+---------+-------+---------+---------+-------+---------
